 Dungeon Crawl Stone Soup version 0.25.1-2-g60ff931 (webtiles) character file.

Game seed: 2669153528720379222

61 Boopin the Charmwright (level 3, -3/29 HPs)
             Began as a Demigod Skald on Sept 24, 2020.
             Slain by Sigmund
             ... wielding a +0 scythe
              (8 damage)
             ... on level 2 of the Dungeon.
             The game lasted 00:12:32 (2047 turns).

Boopin the Charmwright (Demigod Skald)              Turns: 2047, Time: 00:12:33

Health: -3/29      AC:  5    Str: 16    XL:     3   Next: 58%
Magic:  7/8        EV: 12    Int: 17    God:
Gold:   0          SH:  0    Dex: 13    Spells: 3/6 levels left

rFire    . . .     SeeInvis .   a - +0 hand axe
rCold    . . .     Gourm    .   (no shield)
rNeg     . . .     Faith    .   b - +0 leather armour
rPois    .         Spirit   .   m - +1 helmet
rElec    +         Reflect  .   (no cloak)
rCorr    .         Harm     .   (no gloves)
MR       .....                  (no boots)
Stlth    +.........             (no amulet)
HPRegen  0.09/turn              (no ring)
MPRegen  0.11/turn              (no ring)

@: confused, singing
A: clumsy 1, high mp 1, electricity resistance, wild magic 1
a: no special abilities


You were on level 2 of the Dungeon.
You were not hungry.

You visited 1 branch of the dungeon, and saw 2 of its levels.

Inventory:

Hand Weapons
 a - a +0 hand axe (weapon)
 c - a +0 whip
 e - a +0 club
 g - a +0 dagger
 h - a +0 short sword
 i - a +0 short sword
 l - a +0 spear
 n - a +0 hunting sling
Missiles
 k - 11 sling bullets
 o - 13 stones (quivered)
Armour
 b - a +0 leather armour (worn)
 m - a +1 helmet (worn)
Scrolls
 d - 2 scrolls of remove curse
 f - a scroll of identify


   Skills:
 + Level 2.0 Fighting
 + Level 2.2 Axes
 + Level 1.4 Armour
 + Level 2.1 Dodging
 * Level 2.1 Spellcasting
 * Level 3.3 Charms


You had 3 spell levels left.
You knew the following spells:

 Your Spells              Type           Power        Failure   Level  Hunger
a - Infusion              Chrm           ###.         10%         1    #......
b - Song of Slaying       Chrm           ###.....     13%         2    ###....

Your spell library contained the following spells:

 Spells                   Type           Power        Failure   Level  Hunger
 Shroud of Golubria       Chrm/Tloc      #.....       26%         2    ###....
 Ozocubu's Armour         Chrm/Ice       #.......     43%         3    ###....
 Spectral Weapon          Hex/Chrm       #.......     43%         3    ###....


Dungeon Overview and Level Annotations

Branches:
Dungeon (2/15)

Annotations:
D:2 Sigmund


Innate Abilities, Weirdness & Mutations

You have an increased reservoir of magic. (+10% MP)
You are clumsy. (Dex -2)
You are resistant to electric shocks. (rElec)
Your spells are a little harder to cast, but a little more powerful.


Message History

* * * LOW HITPOINT WARNING * * *
The rat barely misses you. The hobgoblin barely misses you.
You barely miss the rat. You hit the hobgoblin but do no damage.
The rat closely misses you. Something completely misses you.
The hobgoblin completely misses you.
You barely miss the hobgoblin.
The hobgoblin is almost dead.
You hit the rat.
You kill the rat!
The hobgoblin barely misses you.
You hear some strange, mumbled words.
A puff of flame appears from out of thin air!
The puff of flame misses you.
You barely miss the hobgoblin.
The hobgoblin is almost dead.
You hear some strange, mumbled words.
You are confused.
The hobgoblin barely misses you.
You bump into the rock wall.
Something hits you!
You die...

#. #. #. # .
#.#######.# ...
#..)))....###
.....###.))).......
.....lg@..[........
##.[..##†..........
..... #{..........
...# #.###.......
.. #.# ....... .
#.# ####### #.#
#.### #...#


You could see a hobgoblin and a frilled lizard.

Vanquished Creatures
  Robin (D:2)
  3 leopard geckos (D:1)
  2 ball pythons (D:1)
  2 bats (D:1)
  A giant cockroach (D:1)
  8 goblins
  8 hobgoblins
  A quokka (D:2)
  5 frilled lizards
  8 kobolds (D:1)
  5 rats
44 creatures vanquished.

Notes
Turn   | Place    | Note
-------+----------+-------------------------------------------
     0 | D:1      | Boopin the Demigod Skald began the quest for the Orb.
     0 | D:1      | Reached XP level 1. HP: 17/17 MP: 5/5
   294 | D:1      | Reached skill level 3 in Charms
   460 | D:1      | Reached skill level 1 in Armour
   612 | D:1      | Reached XP level 2. HP: 24/24 MP: 7/7
   871 | D:1      | Learned a level 2 spell: Song of Slaying
  1818 | D:2      | Noticed Robin
  1823 | D:2      | Reached XP level 3. HP: 15/29 MP: 5/8
  1828 | D:2      | Killed Robin
  1840 | D:2      | Gained mutation: You are resistant to electric shocks.
                  | (rElec) [potion of mutation]
  1840 | D:2      | Gained mutation: You are clumsy. (Dex -2) [potion of
                  | mutation]
  1840 | D:2      | Gained mutation: Your spells are a little harder to cast,
                  | but a little more powerful. [potion of mutation]
  2027 | D:2      | Noticed Sigmund
  2047 | D:2      | Slain by Sigmund

Illustrated notes

Levels and vault maps discovered:
D:1:      dpeg_arrival_another_circle, layout_basic
D:2:      minmay_skewed_foursquare, layout_basic, first_ration, uniq_sigmund,
          uniq_jessica, uniq_robin, uniq_natasha

Skill      XL: |  1  2  3 |
---------------+----------+-----
Charms         | 3 |  3.3
Armour         | 1 |  1.4
Spellcasting   | 2 |  2.1
Fighting       | 2 |  2.0
Axes           | 2 |  2.2
Dodging        | 2 |  2.1

Action                   || total
-------------------------++-------
Melee: Hand axe          ||   122
 Cast: Song of Slaying   ||     4
  Use: Scroll            ||     4
       Potion            ||     1
 Stab: Sleeping          ||     1
  Eat: Ration            ||     2
Armor: Leather armour    ||    43
Dodge: Dodged            ||   123
